 Dungeon Crawl Stone Soup version 0.31-a0-175-g9f7f995f2b (webtiles) character file.

Game seed: 13686468532733257171

135 innerfire43 the Cutter (level 4, -7/35 HPs)
             Began as a Demonspawn Monk on June 17, 2023.
             Mangled by an orc
             ... wielding a +2 short sword of electrocution
              (15 damage)
             ... on level 3 of the Dungeon.
             The game lasted 00:02:34 (1890 turns).

innerfire43 the Cutter (Demonspawn Monk)            Turns: 1890, Time: 00:02:34

Health: -7/35      AC:  7    Str: 14    XL:     4   Next: 96%
Magic:  4/4        EV: 16    Int: 11    God:
Gold:   146        SH:  0    Dex: 15    Spells: 3/3 levels left

rFire   . . .        a - +0 short sword
rCold   . . .        d - orb {light}
rNeg    . . .        p - +0 ring mail
rPois   .            k - +0 helmet
rElec   .            (no cloak)
rCorr   .            g - +0 pair of gloves
SInv    .            (no boots)
Will    .....        (no amulet)
Stlth   +            n - +5 ring of evasion
HPRegen 0.25/turn    (no ring)
MPRegen 0.09/turn

%: no passive effects
@: hasted, glowing, very quick
A: foul stench 1, demonic touch 1
a: no special abilities


You were on level 3 of the Dungeon.
You visited 1 branch of the dungeon, and saw 3 of its levels.

You collected 146 gold pieces.

Inventory:

Hand Weapons
 a - a +0 short sword (weapon)
Armour
 b - a +0 robe
 d - an orb of light (worn)
 g - a +0 pair of gloves (worn)
 k - a +0 helmet (worn)
 p - a +0 ring mail (worn)
Jewellery
 n - a +5 ring of evasion (left hand)
Scrolls
 e - a scroll of enchant armour {unknown}
 h - a scroll of immolation {unknown}
 i - a scroll of butterflies {unknown}
 l - 2 scrolls of identify {unknown}
 o - a scroll of noise {unknown}
 q - a scroll of revelation {unknown}
Potions
 j - 3 potions of heal wounds {unknown}
 m - a potion of magic {unknown}


   Skills:
 + Level 3.3 Fighting
 * Level 4.3 Short Blades
 + Level 0.1 Armour
 * Level 3.5 Dodging
 - Level 0.3 Stealth


You had 3 spell levels left.
You didn't know any spells.
Your spell library contained the following spells:

 Spells                   Type           Power      Damage    Failure   Level
 Gell's Gravitas          Tloc           0%         N/A       91%         3
 Teleport Other           Tloc           0%         N/A       91%         3
 Petrify                  Tmut/Erth      0%         N/A       100%        4
 Metabolic Englaciation   Hex/Ice        0%         N/A       100%        5
 Dispersal                Tloc           0%         N/A       100%        6
 Statue Form              Tmut/Erth      0%         N/A       100%        6


Dungeon Overview and Level Annotations

Branches:
Dungeon (3/15)

Altars:


Innate Abilities, Weirdness & Mutations

You may rarely emit foul miasma when damaged in melee.
Your touch may inflict minor irresistible damage on your foes.


Message History

The orc wizard is lightly wounded.
The orc wizard misses you.
You hit the orc wizard but do no damage.
You barely miss the orc wizard. The orc wizard misses you.
You hit the orc wizard.
The orc wizard is moderately wounded.
The orc wizard closely misses you.
You hit the orc wizard but do no damage.
The orc wizard is moderately wounded.
You hit the orc wizard.
The orc wizard is heavily wounded.
The orc wizard hits you but does no damage.
You hit the orc wizard but do no damage.
The orc wizard is heavily wounded.
You hit the orc wizard but do no damage.
The orc wizard is heavily wounded.
The orc wizard hits you with a +0 dagger.
* * * LOW HITPOINT WARNING * * *
You hit the orc wizard.
The orc wizard is severely wounded.
You barely miss the orc wizard.
The orc wizard is severely wounded.
You hit the orc wizard.
The orc wizard is almost dead.
The orc wizard mumbles some strange words.
The orc wizard flickers and vanishes for a moment.
You hit the orc wizard.
You kill the orc wizard!
The bat hits you but does no damage.
You hit the bat.
You kill the bat!
The orc hits you with a +2 short sword of electrocution.
* * * LOW HITPOINT WARNING * * *
Items here: )))))) [[[ †††.
You hit the orc but do no damage. You hit the orc but do no damage.
The orc hits you with a +2 short sword of electrocution.
* * * LOW HITPOINT WARNING * * *
You are electrocuted!
You die...

#### #.. #.#
###.# ##...#
#.##..###
#....#########.#.
#...#.o@.........
#.#...########.#.
...#..## ### #..
.... ..g.. .....o
......


You could see an orc.

Vanquished Creatures
  2 orc wizards (D:3)
  3 gnolls (D:3)
  An adder (D:2)
  2 dart slugs
  An orc (D:3)
  5 bats
  4 endoplasms
  A giant cockroach (D:1)
  4 goblins
  4 hobgoblins
  3 jackals (D:2)
  4 kobolds
  A quokka (D:2)
  3 ball pythons
  3 frilled lizards
41 creatures vanquished.

Notes
Turn   | Place    | Note
-------+----------+-------------------------------------------
     0 | D:1      | innerfire43 the Demonspawn Monk began the quest for the
                  | Orb.
     0 | D:1      | Reached XP level 1. HP: 18/18 MP: 1/1
   177 | D:1      | Gained mutation: You may rarely emit foul miasma when
                  | damaged in melee. [demonic ancestry]
   177 | D:1      | Reached XP level 2. HP: 20/24 MP: 2/2
   289 | D:1      | Reached skill level 3 in Short Blades
  1046 | D:2      | Reached XP level 3. HP: 29/29 MP: 3/3
  1848 | D:3      | Gained mutation: Your touch may inflict minor irresistible
                  | damage on your foes. [demonic ancestry]
  1848 | D:3      | Reached XP level 4. HP: 21/35 MP: 4/4
  1863 | D:3      | Reached skill level 4 in Short Blades
  1890 | D:3      | Mangled by an orc

Illustrated notes

Levels and vault maps discovered:
D:1:      lordsloth_arrival_two_stooges, layout_basic, serial_corexii_hall,
          corexii_hall_statues_l, corexii_hall_statues_x
D:2:      layout_loops_corners, minmay_tall_x
D:3:      layout_rooms, minmay_randomly_rotated_circles

Skill      XL: |  1  2  3  4 |
---------------+-------------+-----
Short Blades   | 3 4 |  4.3
Dodging        | 3 |  3.5
Fighting       | |  3.3
Armour         | |  0.1
Stealth        | |  0.3

Action                     |  1- 3 |  4- 6 || total
---------------------------+-------+-------++-------
  Melee: Short sword       |   146 |    38 ||   184
    Use: Potion            |       |     2 ||     2
 Armour: Robe              |    23 |       ||    23
         Ring mail         |     1 |     6 ||     7
  Dodge: Dodged            |   107 |    11 ||   118

Table legend: (Time is in decaauts)
 A = Elapsed time spent in this place.
 B = Non-inter-level travel time spent in this place.
 C = Inter-level travel time spent in this place.
 D = Time resting spent in this place.
 E = Time spent auto-exploring this place.
 F = Levels seen in this place.
 G = Mean time per level.
                   A        B        C        D        E       F      G
               +--------+--------+--------+--------+--------+-----+--------+
         Total |   1850 |   1756 |     94 |      0 |   1423 |   3 |  616.7 |
       Dungeon |   1850 |   1756 |     94 |      0 |   1423 |   3 |  616.7 |
               +--------+--------+--------+--------+--------+-----+--------+

Top non-repeatable levels by time:
     D:1: 926 daAuts
     D:2: 867 daAuts
     D:3: 56 daAuts
